 Dungeon Crawl Stone Soup version 0.23.0-3-gf3c87f2 (webtiles) character file.

Game seed: 17706087709389291503

60 Scud the Insei (level 4, 0/28 HPs)
             Began as an Octopode Transmuter on Feb 23, 2019.
             Slain by a rat (2 damage)
             ... on level 3 of the Dungeon.
             The game lasted 00:07:41 (1868 turns).

Scud the Insei (Octopode Transmuter)                Turns: 1868, Time: 00:07:42

Health: 0/28       AC:  1    Str:  9    XL:     4   Next: 6%
Magic:  7/7        EV: 13    Int: 15    God:
Gold:   92         SH:  0    Dex: 13    Spells: 6/7 levels left

rFire    . . .     SeeInvis .     - Unarmed
rCold    . . .     Gourm    .   (no shield)
rNeg     . . .     Faith    .   (helmet restricted)
rPois    .         Spirit   .   (no amulet)
rElec    .         Reflect  .   (no ring)
rCorr    .         Harm     .   (no ring)
MR       .....                  (no ring)
Stlth    +++.......             (no ring)
HPRegen  0.09/turn              (no ring)
MPRegen  0.10/turn              (no ring)
                                (no ring)
                                (no ring)

@: no status effects
A: almost no armour, stealthy swim, amphibious, 8 rings, constrict 8, camouflage
1, gelatinous body 1
a: no special abilities


You were on level 3 of the Dungeon.
You were not hungry.

You visited 1 branch of the dungeon, and saw 3 of its levels.

You collected 92 gold pieces.

Inventory:

Missiles
 a - 12 arrows
Scrolls
 f - a scroll of enchant weapon {unknown}
 h - a scroll of noise {unknown}
 i - a scroll of amnesia {unknown}
 j - 4 scrolls of teleportation {unknown}
 l - 2 scrolls of magic mapping {unknown}
Potions
 b - a potion of haste {unknown}
 d - a potion of curing {unknown}
 e - a potion of magic {unknown}
 g - 2 potions of heal wounds {unknown}
Comestibles
 c - 3 rations
 k - 5 chunks of flesh


   Skills:
 + Level 1.1 Fighting
 + Level 2.1 Dodging
 + Level 1.5 Stealth
 + Level 4.0 Unarmed Combat
 + Level 2.3 Spellcasting
 + Level 2.2 Transmutations


You had 6 spell levels left.
You knew the following spells:

 Your Spells              Type           Power        Failure   Level  Hunger
a - Beastly Appendage     Tmut           #.....       9%          1    #......

Your spell library contained the following spells:

 Spells                   Type           Power        Failure   Level  Hunger
 Sticks to Snakes         Tmut           #.......     13%         2    ###....
 Spider Form              Tmut/Pois      #.........   38%         3    ###....
 Ice Form                 Ice/Tmut       #.......     80%         4    #####..
 Blade Hands              Tmut           #.........   93%         5    ######.


Dungeon Overview and Level Annotations

Branches:
Dungeon (3/15)

Altars:
Ashenzari
Xom
Zin


Innate Abilities, Weirdness & Mutations

You cannot wear most types of armour.
You are very stealthy in the water. (Stealth+)
You are amphibious.
You can wear up to eight rings at the same time.
You can use your tentacles to constrict eight enemies at once.
Your skin changes colour to match your surroundings (Stealth+).
Your rubbery body absorbs attacks. (AC +1, EV +1)


Message History

The kobold barely misses you. The rat misses you.
The rat bites you but does no damage.
The kobold hits you with a +0 short sword.
The rat barely misses you. The rat closely misses you.
The kobold hits you with a +0 short sword.
The rat bites you but does no damage. The rat barely misses you.
The kobold closely misses you. The rat bites you. The rat barely misses you.
The kobold hits you with a +0 short sword.
The rat misses you. The rat barely misses you. The kobold barely misses you.
The rat closely misses you. The rat barely misses you. The kobold misses you.
The rat bites you.
* * * LOW HITPOINT WARNING * * *
The rat closely misses you. The kobold hits you but does no damage.
The rat misses you. The rat bites you.
* * * LOW HITPOINT WARNING * * *
The kobold hits you with a +0 short sword.
* * * LOW HITPOINT WARNING * * *
The rat misses you. The rat bites you.
You die...

.... ...# # #.#..
#..# .#
#.#..###..###.###
#>.............!.
#................
#.............#.#
###.............#
........rr......#
........K@#######
.......%..#
..........#
#.##......# ..
#......# #......#
...#......#
..........#
..........#


You could see a kobold and 2 rats.

Vanquished Creatures
  2 adders (D:2)
  2 worms (D:2)
  A dart slug (D:1)
  3 giant cockroaches
  3 goblins
  7 hobgoblins
  3 jackals (D:2)
  5 bats
  2 frilled lizards (D:1)
  3 kobolds
  3 rats
34 creatures vanquished.

Notes
Turn   | Place    | Note
-------+----------+-------------------------------------------
     0 | D:1      | Scud the Octopode Transmuter began the quest for the Orb.
     0 | D:1      | Reached XP level 1. HP: 13/13 MP: 3/3
   240 | D:1      | Reached XP level 2. HP: 7/18 MP: 5/5
   720 | D:2      | Found a shimmering altar of Xom.
   721 | D:2      | Found a shimmering altar of Xom.
   721 | D:2      | Found a shimmering altar of Xom.
   722 | D:2      | Found a shimmering altar of Xom.
   723 | D:2      | Found a shimmering altar of Xom.
   826 | D:2      | Reached XP level 3. HP: 11/23 MP: 6/6
  1376 | D:2      | Reached skill level 1 in Stealth
  1376 | D:2      | Reached skill level 4 in Unarmed Combat
  1579 | D:2      | Found a shattered altar of Ashenzari.
  1651 | D:2      | Reached XP level 4. HP: 24/28 MP: 7/7
  1785 | D:3      | Found a glowing silver altar of Zin.
  1868 | D:3      | Slain by a rat

Skill      XL: |  1  2  3 |
---------------+----------+-----
Stealth        | 1 |  1.5
Unarmed Combat | 4 |  4.0
Fighting       | |  1.1
Dodging        | |  2.1
Spellcasting   | |  2.3
Transmutations | |  2.2

Action                   |  1- 3 |  4- 6 || total
-------------------------+-------+-------++-------
Melee: Unarmed           |    72 |     6 ||    78
       Constrict         |    20 |     1 ||    21
       Tentacles         |    12 |     1 ||    13
       Punch             |       |     1 ||     1
 Stab: Sleeping          |     7 |     1 ||     8
  Eat: Chunk             |     1 |       ||     1
       Ration            |       |     1 ||     1
Armor: Skin              |     5 |     4 ||     9
Dodge: Dodged            |    39 |    32 ||    71
